Map: Hardwire LE

Players

A.I. 2 (Very Easy) - Winner!

  • Race: Protoss Protoss
  • Spawn Location: 7:00

Spirit (souL)

  • Race: Terran Terran
  • League: Master
  • Spawn Location: 1:00

VOD

Have the link to the VOD?

Description

Time

  • Played on: June 10, 2022, 1:23 p.m.
  • Length: 9:44
Show
View Real Time Build Order
Export as new Build Order

A.I. 2 (Very Easy) Protoss - Winner!

Build Orders: 1 Gate Expand, Nexus First 

Get SALT Encoding   

  12  0:00  Probe  
  13  0:13  Probe  
  14  0:20  Pylon  
  14  0:43  Gateway  
  14  1:01  Nexus  
  14  1:21  Zealot, Pylon  
  14  1:23  Assimilator  
  16  1:38  Probe, Cybernetics Core  
  17  1:50  Probe  
  18  2:00  Assimilator, Probe  
  18  2:07  Stalker  
  19  2:08  Probe  
  19  2:11  Warp Gate  
  20  2:17  Probe  
  23  2:23  Probe  
  24  2:31  Probe  
  25  2:38  Probe  
  26  2:45  Probe  
  26  2:46  Assimilator  
  26  2:49  Pylon  
  27  2:53  Probe  
  28  3:00  Probe  
  29  3:07  Probe  
  30  3:14  Probe  
  30  3:16  Robotics Facility  
  31  3:24  Zealot, Probe  
  34  3:31  Probe  
  35  3:38  Probe  
  36  3:46  Probe  
  37  3:53  Probe  
  38  4:00  Probe  
  38  4:02  Observer  
  39  4:05  Probe  
  41  4:15  Probe  
  41  4:16  Observer  
  42  4:18  Probe  
  42  4:21  Assimilator  
  44  4:29  Probe  
  45  4:32  Pylon  
  45  4:33  Sentry  
  45  4:36  Probe  
  48  4:43  Probe  
  49  4:50  Probe  
  50  9:07  Stalker  
  50  9:08  Probe  
  49  9:10  Pylon  
  49  9:15  Probe  
  50  9:20  Probe  
  51  9:27  Probe  
  52  9:35  Zealot  
Show
View Real Time Build Order
Export as new Build Order

Spirit Terran 

Build Orders:  

Get SALT Encoding   

  12  0:00  SCV  
  13  0:12  SCV  
  14  0:17  Supply Depot  
  14  0:24  SCV  
  15  0:38  SCV  
  15  0:40  Barracks  
  16  0:46  Refinery  
  16  0:50  SCV  
  17  1:02  SCV  
  18  1:14  SCV  
  19  1:27  Marine  
  19  1:28  Orbital Command  
  20  1:41  Command Center  
  20  1:47  Barracks Reactor  
  20  1:56  SCV, Supply Depot  
  21  2:08  SCV  
  22  2:13  Factory  
  22  2:20  SCV  
  23  2:24  Marine x2, Bunker  
  25  2:32  SCV  
  26  2:42  Marine x2  
  28  2:44  SCV  
  29  2:53  Orbital Command  
  29  2:56  SCV  
  30  3:00  Hellion  
  30  3:01  Starport  
  30  3:05  Marine  
  33  3:08  Marine  
  33  3:09  SCV  
  35  3:18  Supply Depot  
  35  3:19  SCV  
  36  3:21  SCV  
  36  3:22  Widow Mine  
  39  3:31  SCV  
  39  3:32  Marine x2  
  39  3:33  SCV  
  43  3:41  Refinery  
  43  3:43  Medivac, SCV  
  43  3:44  Widow Mine  
  43  3:45  SCV  
  49  3:50  Marine, Supply Depot  
  50  3:55  SCV  
  50  3:57  SCV  
  50  3:59  Barracks  
  52  4:03  Engineering Bay  
  52  4:07  Factory Tech Lab, SCV  
  52  4:09  SCV  
  54  4:11  Marine x2  
  54  4:15  Supply Depot  
  56  4:17  Starport Tech Lab  
  56  4:20  SCV  
  56  4:21  SCV  
  58  4:29  Marine  
  58  4:30  Siege Tank  
  62  4:32  Missile Turret  
  62  4:33  Supply Depot  
  62  4:36  Marine  
  62  4:37  SCV x2  
  65  4:49  SCV, Command Center  
  65  4:50  SCV  
  67  4:56  Supply Depot  
  67  4:57  Stimpack  
  67  5:02  SCV  
  67  5:06  Marine x2, Refinery  
  70  5:08  Refinery  
  70  5:10  SCV  
  70  5:12  Siege Tank  
  74  5:15  Marine, SCV  
  76  5:21  Barracks  
  76  5:22  SCV  
  76  5:25  Marine  
  76  5:26  Marine  
  76  5:27  SCV  
  80  5:32  Marine  
  80  5:34  SCV  
  82  5:36  Supply Depot  
  82  5:38  Terran Infantry Weapons Level 1  
  82  5:39  SCV  
  83  5:43  Marine x2  
  83  5:48  SCV  
  86  5:57  Marine, Siege Tank  
  86  6:00  Marine  
  86  6:03  Orbital Command  
  91  6:11  Marine  
  91  6:12  SCV x2  
  91  6:15  Marauder  
  91  6:17  Starport Reactor  
  96  6:18  Barracks  
  96  6:21  Barracks  
  96  6:24  SCV, Barracks Tech Lab  
  96  6:25  SCV, Supply Depot  
  98  6:26  Marine, Supply Depot  
  98  6:29  Marine, Orbital Command, Siege Tank  
  103  6:37  SCV x2, Marauder  
  107  6:42  Combat Shield  
  107  6:43  Concussive Shells  
  107  6:44  Marauder  
  107  6:46  Marine  
  109  6:47  Marine  
  109  6:49  SCV x2  
  109  6:50  Supply Depot  
  113  6:55  SCV  
  113  6:58  Medivac x2, Marauder  
  113  7:01  SCV x2  
  122  7:02  Bunker  
  122  7:04  Marine  
  122  7:06  Marauder  
  125  7:11  SCV, Barracks Reactor, Supply Depot x2  
  125  7:12  Marine, Barracks Tech Lab  
  125  7:13  SCV x2  
  129  7:20  Marauder  
  129  7:21  Supply Depot  
  131  7:23  SCV  
  131  7:25  SCV  
  131  7:29  Refinery  
  133  7:30  Refinery  
  133  7:32  SCV, Siege Tank, Marauder  
  133  7:34  Supply Depot  
  133  7:35  SCV  
  133  7:36  Medivac x2  
  144  7:37  SCV  
  144  7:41  Marauder  
  144  7:42  Marauder  
  144  7:43  Marine  
  150  7:44  SCV  
  150  7:48  SCV  
  150  7:49  Marine  
  153  7:53  SCV  
  153  7:54  Supply Depot  
  156  7:58  Marine  
  156  7:59  Supply Depot x2  
  156  8:02  Supply Depot, Marauder  
  157  8:06  Medivac  
  157  8:10  Armory  
  157  8:11  Marine, Ghost Academy, Marauder  
  157  8:12  Marine, Engineering Bay  
  162  8:19  Marine, Marauder  
  166  8:21  Medivac  
  168  8:28  Supply Depot  
  168  8:29  Supply Depot  
  174  8:35  Supply Depot  
  177  8:45  Ghost x3  
  177  8:47  Command Center  
  174  8:54  Supply Depot  
  174  9:06  Marine  
  174  9:08  Siege Tank  
  178  9:14  SCV  
  178  9:16  SCV  
  180  9:20  SCV  
  183  9:28  SCV  
  183  9:30  SCV  
Tags
 
Add a new tag
Caveats
  • Supply blocks, unpowered buildings, or Contaminate may cause inaccurate times.
  • Supply counts are checked every 10 seconds.